 Dungeon Crawl Stone Soup version 0.29.1-2-gbd0b4ee654 (webtiles) character file.

Game seed: 3636921290755505074

540915 KamiKatze the Sorcerer (level 24, -7/130 (135) HPs)
             Began as a Deep Elf Conjurer on Nov 1, 2022.
             Was the Champion of Vehumet.
             Killed by an exploding ball lightning (15 damage)
             ... on level 1 of the Realm of Zot on Nov 2, 2022.
             The game lasted 06:07:53 (65494 turns).

KamiKatze the Sorcerer (Deep Elf Conjurer)         Turns: 65494, Time: 06:07:54

HP:   -7/130 (135)  AC: 17    Str:  4      XL:     24   Next: 73%
MP:   45/55         EV: 13    Int: 38      God:    Vehumet [******]
Gold: 6469          SH:  8    Dex: 12 (13) Spells: 1/75 levels left

rFire   + . .      SeeInvis +   x - staff of air
rCold   + + +      Faith    .   M - +3 buckler
rNeg    . . .      Spirit   .   O - +4 skin of Zhor {*Englaciate rC+++ SInv}
rPois   +          Reflect  .   j - +2 helmet {SInv}
rElec   +          Harm     .   z - +1 cloak of the Threshing Gods {rCorr Int+2}
rCorr   +          Rampage  .   H - +2 pair of gloves {Stlth+}
Will    +++..                   l - +2 pair of boots
Stlth   +++++.....              B - amulet of magic regeneration
HPRegen 0.31/turn               t - ring "Qiso" {rPois rF+ Str+2 Slay+3}
MPRegen 0.74/turn               Q - ring of willpower

@: studying Long Blades, lightly drained
A: deterioration 1, weak 1
}: 3/15 runes: decaying, serpentine, silver
a: Renounce Religion


You were on level 1 of the Realm of Zot.
You worshipped Vehumet.
Vehumet was exalted by your worship.
You visited 10 branches of the dungeon, and saw 44 of its levels.
You also visited: Trove and Ice Cave.

You collected 7957 gold pieces.
You spent 1488 gold pieces at shops.

Inventory:

Hand Weapons
 a - the +9 trident of Plog {flame, rElec rPois rF- rC+}
   (You took it off a spriggan on level 1 of the Lair of Beasts)

   It burns those it strikes, dealing additional fire damage.
   rF:        It makes you vulnerable to fire.
   rC:        It protects you from cold.
   rElec:     It insulates you from electricity.
   rPois:     It protects you from poison.
Missiles
 T - 6 throwing nets (quivered)
Armour
 j - a +2 helmet of see invisible (worn)
 l - a +2 pair of boots (worn)
 z - the +1 cloak of the Threshing Gods (worn) {rCorr Int+2}
   (You found it on level 3 of the Elven Halls)

   Int:       It affects your intelligence (+2).
   rCorr:     It protects you from acid and corrosion.
 H - a +2 pair of gloves of stealth (worn)
 M - a +3 buckler (worn)
 O - the +4 skin of Zhor (worn) {*Englaciate rC+++ SInv}
   (You found it on level 8 of the Dungeon)

   It radiates cold, occasionally slowing all nearby creatures who are not
   resistant to cold.
   rC:        It renders you almost immune to cold.
   SInv:      It lets you see invisible.
Magical Staves
 x - a staff of air (weapon)
Jewellery
 k - the amulet "Fucank" {Reflect rF+ rC++ Dex+2 SH+5}
   (You found it in a treasure trove)

   [amulet of reflection]

   It reflects blocked missile attacks.
   Dex:       It affects your dexterity (+2).
   rF:        It protects you from fire.
   rC:        It greatly protects you from cold.
   SH:        It affects your SH (+5).
 r - the ring "Zic Ekh" {+Blink rC+}
   (You took it off a necromancer on level 2 of the Depths)

   [ring of protection from cold]

   rC:        It protects you from cold.
   +Blink:    It lets you blink.
 t - the ring "Qiso" (left hand) {rPois rF+ Str+2 Slay+3}
   (You took it off a deep elf death mage on level 3 of the Elven Halls)

   [ring of protection from fire]

   Str:       It affects your strength (+2).
   Slay:      It affects your accuracy & damage with ranged weapons and melee
   (+3).
   rF:        It protects you from fire.
   rPois:     It protects you from poison.
 w - the ring "Foicw" {rPois rCorr Dex+3}
   (You took it off a tengu reaver on level 5 of the Vaults)

   [ring of resist corrosion]

   Dex:       It affects your dexterity (+3).
   rPois:     It protects you from poison.
   rCorr:     It protects you from acid and corrosion.
 B - an amulet of magic regeneration (around neck)
 D - a ring of flight
 E - a +6 ring of dexterity
 Q - a ring of willpower (right hand)
Wands
 h - a wand of digging (10)
 v - a wand of light (49)
 J - a wand of mindburst (35)
 U - a wand of iceblast (17)
Scrolls
 e - a scroll of enchant armour
 f - 3 scrolls of enchant weapon
 i - 16 scrolls of teleportation
 o - 10 scrolls of fear
 p - a scroll of summoning
 u - 10 scrolls of fog
 y - 8 scrolls of immolation
 C - 7 scrolls of vulnerability
 I - 4 scrolls of amnesia
 S - 6 scrolls of magic mapping
 X - 12 scrolls of blinking
Potions
 b - 4 potions of magic
 c - 2 potions of invisibility
 d - 3 potions of cancellation
 g - 26 potions of curing
 m - 9 potions of flight
 n - 10 potions of lignification
 q - 10 potions of attraction
 s - 4 potions of mutation
 A - 14 potions of brilliance
 F - 12 potions of heal wounds
 G - 4 potions of might
 L - 5 potions of haste
 V - 2 potions of resistance


   Skills:
 - Level 9.0 Fighting
 - Level 6.0 Dodging
 - Level 9.0 Stealth
 - Level 4.0 Shields
 + Level 26.1 Spellcasting
 * Level 20.2 Conjurations
 - Level 10.0 Hexes
 - Level 10.0 Translocations
 - Level 3.0 Fire Magic
 * Level 22.8 Air Magic
 * Level 22.3 Earth Magic


You had one spell level left.
You knew the following spells:

 Your Spells              Type           Power      Damage    Failure   Level
a - Magic Dart            Conj           100%       1d8       0%          1
b - Searing Ray           Conj           100%       2d8       0%          2
c - Fulminant Prism       Conj/Hex       52%        3d23      0%          4
d - Iskenderun's Mystic   Conj/Tloc      100%       2d19      0%          4
e - Iron Shot             Conj/Erth      59%        9d11      0%          6
f - Lee's Rapid Deconstr  Erth           60%        3d29*     0%          5
g - Fireball              Conj/Fire      47%        3d19      1%          5
h - Orb of Destruction    Conj           58%        9d14      1%          7
i - Lehudib's Crystal Sp  Conj/Erth      59%        10d14     1%          8
j - Maxwell's Capacitive  Air            73%        ∞         1%          8
k - Chain Lightning       Conj/Air       72%        3d96      2%          9
l - Conjure Ball Lightni  Conj/Air       72%        3x3d27    0%          6
s - Shatter               Erth           60%        3d45*     1%          9

Your spell library contained the following spells:

 Spells                   Type           Power      Damage    Failure   Level
 Apportation              Tloc           100%       N/A       0%          1
 Foxfire                  Conj/Fire      100%       2x1d9     0%          1
 Slow                     Hex            100%       N/A       0%          1
 Necrotise                Necr           100%       1d9       1%          1
 Sting                    Tmut/Pois      100%       1d8       1%          1
 Passwall                 Tmut/Erth      78%        N/A       0%          2
 Poisonous Vapours        Pois/Air       100%       N/A       0%          2
 Static Discharge         Conj/Air       100%       3-16/arc  0%          2
 Conjure Flame            Conj/Fire      95%        6-21      0%          3
 Dazzling Flash           Conj/Hex       100%       N/A       0%          3
 Mephitic Cloud           Conj/Pois/Air  100%       N/A       0%          3
 Stone Arrow              Conj/Erth      100%       3d13      0%          3
 Swiftness                Air            100%       N/A       0%          3
 Leda's Liquefaction      Hex/Erth       53%        N/A       0%          4
 Iskenderun's Battlesphe  Conj           100%       2d15      0%          5
 Lightning Bolt           Conj/Air       72%        1d97      0%          5
 Call Imp                 Summ           49%        N/A       1%          2
 Ensorcelled Hibernation  Hex/Ice        100%       N/A       1%          2
 Scorch                   Fire           100%       2d10      1%          2
 Sublimation of Blood     Necr           49%        N/A       1%          2
 Call Canine Familiar     Summ           49%        N/A       1%          3
 Confusing Touch          Hex            90%        N/A       1%          3
 Frozen Ramparts          Ice            98%        1d15      1%          3
 Gell's Gravitas          Tloc           90%        N/A       1%          3
 Ignite Poison            Fire/Tmut/Pois 55%        N/A       1%          3
 Inner Flame              Hex/Fire       78%        N/A       1%          3
 Lesser Beckoning         Tloc           90%        N/A       1%          3
 Ozocubu's Armour         Ice            49%        N/A       1%          3
 Portal Projectile        Hex/Tloc       100%       N/A       1%          3
 Summon Guardian Golem    Hex/Summ       73%        N/A       1%          3
 Teleport Other           Tloc           90%        N/A       1%          3
 Tukima's Dance           Hex            90%        N/A       1%          3
 Vampiric Draining        Necr           49%        2d9       1%          3
 Anguish                  Hex/Necr       36%        N/A       1%          4
 Animate Armour           Summ/Erth      100%       N/A       1%          4
 Corpse Rot               Necr/Pois/Air  100%       N/A       1%          4
 Flame Wave               Conj/Fire      95%        2d20      1%          4
 Hailstorm                Conj/Ice       91%        3d18      1%          4
 Olgreb's Toxic Radiance  Pois           49%        N/A       1%          4
 Passage of Golubria      Tloc           90%        N/A       1%          4
 Petrify                  Tmut/Erth      94%        N/A       1%          4
 Summon Lightning Spire   Summ/Air       100%       N/A       1%          4
 Freezing Cloud           Conj/Ice/Air   63%        6-21      1%          5
 Irradiate                Conj/Tmut      45%        3d26      1%          5
 Summon Forest            Summ/Tloc      36%        N/A       1%          5
 Yara's Violent Unravell  Hex/Tmut       36%        3d15      1%          5
 Dispersal                Tloc           45%        N/A       1%          6
 Starburst                Conj/Fire      47%        6d13      1%          6
 Statue Form              Tmut/Erth      62%        N/A       1%          6
 Spellforged Servitor     Conj/Summ      45%        N/A       1%          7
 Storm Form               Tmut/Air       58%        N/A       3%          7
 Animate Dead             Necr           49%        N/A       4%          4
 Dispel Undead            Necr           49%        3d18      4%          4
 Ice Form                 Ice/Tmut       49%        N/A       4%          4
 Summon Ice Beast         Ice/Summ       49%        N/A       4%          4
 Enfeeble                 Hex            45%        N/A       7%          7
 Agony                    Necr           49%        N/A       14%         5
 Alistair's Intoxication  Tmut/Pois      32%        N/A       14%         5
 Eringya's Noxious Bog    Tmut/Pois      24%        N/A       19%         6
 Malign Gateway           Summ/Tloc      36%        N/A       47%         7
 Disjunction              Tloc           45%        N/A       47%         8
 Death Channel            Necr           24%        N/A       58%         6
 Simulacrum               Ice/Necr       24%        N/A       58%         6
 Summon Cactus Giant      Summ           24%        N/A       58%         6
 Ozocubu's Refrigeration  Ice            24%        4d12      67%         7
 Fire Storm               Conj/Fire      47%        8d12      69%         9
 Ignition                 Fire           32%        3d10      90%         8
 Summon Hydra             Summ           24%        N/A       99%         7
 Summon Horrible Things   Summ           24%        N/A       100%        8
 Death's Door             Necr           24%        N/A       100%        9
 Polar Vortex             Ice            24%        N/A       100%        9


Dungeon Overview and Level Annotations

Branches:
Dungeon (15/15)            Temple (1/1) D:7            Lair (5/5) D:11
  Swamp (4/4) Lair:3        Snake (4/4) Lair:2        Slime (0/5) Lair:5
    Orc (2/2) D:9             Elf (3/3) Orc:2        Vaults (5/5) D:13
  Crypt (0/3) Vaults:2     Depths (4/4) D:15            Zot (1/5) Depths:4
  IceCv (visited)

Altars:
Ashenzari
Cheibriados
Dithmenos
Elyvilon
Fedhas
Gozag
Hepliaklqana
Kikubaaqudgha
Makhleb
Nemelex Xobeh
Okawaru
Qazlal
Ru
Sif Muna
Trog
Uskayaw
Vehumet
Wu Jian
Xom
Yredelemnul
Zin
The Shining One
Jiyva
Lugonu

Shops:
D:2 :   D:10 ?:*   D:11 *   D:13 :   Orc:2 =*[(   Elf:1 !   Elf:2 :[(!
Snake:2 [   Snake:4 (   Vaults:1 [   Vaults:2 *   Depths:2 =   Depths:4 *

Portals:
Hell: Depths:1 Depths:2 Depths:3 Depths:4
Abyss: Lair:5 Depths:1 Depths:3 Depths:4
Pandemonium: Depths:2
Ziggurat: Depths:4


Innate Abilities, Weirdness & Mutations

Your body sometimes deteriorates upon taking damage.
You are weak. (Str -2)


Message History

3 ball lightnings come into view.
The red draconian scorcher gestures at you while chanting.
The sphere of damnation explodes!
The damnation engulfs you!!
Your body deteriorates!
You feel clumsy.
The damnation engulfs your ball lightning!
The purple draconian breathes dispelling energy at you.
The bolt of dispelling energy hits your ball lightning!!
The bolt of dispelling energy hits you!
Your ball lightning explodes!
The blast of lightning engulfs your ball lightning.
Your ball lightning completely resists.
The blast of lightning engulfs you!! You resist.
* * * LOW HITPOINT WARNING * * *
The blast of lightning engulfs your ball lightning.
Your ball lightning completely resists.
Your ball lightning is severely damaged.
The blast of lightning engulfs the purple draconian!!!
You kill the purple draconian!
Vehumet accepts your kill.
You feel your power returning.
The purple draconian shifter mumbles some strange words.
The purple draconian shifter blinks!
You hear a roar!
Unknown command.
Casting: Conjure Ball Lightning (safe; 0% risk of failure)
Confirm with . or Enter, or press ? or * to list all spells.
You feel a surge of power! Lightning arcs from your hands!
The bolt of lightning hits the red draconian scorcher!!
The red draconian scorcher is moderately wounded.
The bolt of lightning hits the purple draconian shifter!!!!
You kill the purple draconian shifter!
Vehumet accepts your kill.
You feel your power returning.
The red draconian scorcher casts a spell at you.
The sphere of damnation explodes!
The damnation engulfs you!!!
* * * LOW HITPOINT WARNING * * *
The damnation engulfs your ball lightning!!
Your ball lightning explodes!
The blast of lightning engulfs you! You resist.
You die...

*.....,**,,,,,*
*#.....,**,,,,,,
*......,********
*#......,********
###.......,,,,**,,,
##.........,,,,,,,,,
#..........,,,,,,,,,
*#>........,,,,,,,,,
*##@.......,,,,,,,,,
#.....*....,,,,,,,,,
######.....,,****,,,
*.)...,,* ****
**....,** *,.q),*
*,q.§,* *,,,,,*
**,,,,,*


You could see a red draconian scorcher (ally target) and a friendly ball
lightning.

Vanquished Creatures
  3 dread liches
  A caustic shrike (Depths:2)
  2 golden dragons
  Jory (Depths:3)
  A bone dragon (Depths:4)
  7 tentacled monstrosities
  A lich (Vaults:4)
  Jorgrun (Swamp:3)
  2 deep elf blademasters (Elf:3)
  A deep elf master archer (Elf:3)
  A walking frostbound tome (Depths:3)
  2 titans (Vaults:5)
  3 sphinxes
  An ancient champion (Depths:2)
  Kirke (Elf:1)
  3 thorn hunters (Swamp:4)
  Agnes (Elf:2)
  7 tengu reavers
  3 shadow dragons
  Roxanne (Swamp:1)
  4 storm dragons
  Donald (Elf:2)
  8 fire giants
  7 nagarajas
  5 frost giants
  19 vault wardens
  3 fenstrider witches
  Louise (Swamp:4)
  An iron dragon (Depths:3)
  A draconian stormcaller (Depths:4)
  5 deep elf sorcerers
  2 deep elf elementalists (Elf:3)
  Aizul (Vaults:2)
  A balrug (Depths:1)
  4 orc warlords
  17 ironbound preservers
  A caustic shrike skeleton (Depths:2)
  2 draconian shifters
  6 ghouls
  2 war gargoyles (Vaults:4)
  22 very ugly things
  A black draconian (Depths:4)
  3 deep elf demonologists
  2 spriggan defenders (Depths:3)
  20 stone giants
  7 vampire knights
  3 ironbound thunderhulks (Vaults:4)
  13 deep elf annihilators
  A white draconian (Depths:4)
  7 spark wasps
  6 bunyips
  6 eleionomae
  An entropy weaver (Vaults:2)
  A minotaur (shapeshifter) (Vaults:3)
  A yellow draconian (Depths:4)
  6 dire elephants
  An eidolon (Vaults:2)
  A purple draconian (Zot:1)
  6 fire dragons
  11 ettins
  3 crystal guardians
  A green death (Depths:2)
  8 deep elf death magi
  13 yaktaur captains
  Josephine (Swamp:1)
  12 deep elf high priests
  3 salamander tyrants
  7 great orbs of eyes
  6 ice dragons
  2 shambling mangroves (Swamp:4)
  The ghost of Poofo the Nimble, a journeyman MfGl of Uskayaw (Lair:1)
  The ghost of kelmiir the Thaumaturge, a journeyman DrEE of Sif Muna (D:10)
  5 boulder beetles
  4 peacekeepers
  7 rakshasas
  3 ghost crabs
  6 spriggan air magi
  40 vault guards
  10 alligators
  A quicksilver dragon skeleton (Depths:2)
  21 hydras
  12 ironbound frosthearts
  2 ogre magi
  2 catoblepae
  3 caustic shrike simulacra (IceCv)
  4 two-headed ogres
  8 anacondas
  13 naga warriors
  4 centaur warriors
  21 dancing weapons
  3 deep troll shamans
  8 deep troll earth magi
  An orc high priest (Orc:2)
  5 tengu warriors
  15 naga sharpshooters
  11 spriggan berserkers
  2 vampire magi (Depths:2)
  8 shock serpents
  4 thrashing horrors (Lair:5)
  18 death yaks
  The ghost of drbonez the Fighter, a novice HOFi of Ashenzari (D:8)
  8 hell knights (Depths:4)
  22 deep elf knights
  2 soul eaters (Depths:2)
  3 sun demons
  Sonja (Lair:4)
  8 salamander mystics
  8 iron trolls
  A sea snake (shapeshifter) (Elf:1)
  5 skeletal warriors
  A shadow wraith (Vaults:3)
  4 goliath frogs
  4 naga ritualists
  An orb spider (shapeshifter) (Vaults:4)
  2 spriggan druids (Swamp:4)
  4 spectral hydras (Swamp:4)
  2 flayed ghosts
  4 swamp dragons
  3 glowing orange brains
  45 deep trolls
  A shadow dragon zombie (Depths:2)
  12 deep elf archers
  10 orc knights
  14 bog bodies
  5 phantasmal warriors
  2 orange crystal statues (IceCv)
  9 wizards
  21 ironbound convokers
  3 lindwurms (Vaults:2)
  39 deep elf pyromancers
  7 harpies (Vaults:1)
  9 mana vipers
  5 necromancers (Depths:2)
  35 ugly things
  24 deep elf zephyrmancers
  2 tengu skeletons (Depths:2)
  3 wolf spider zombies (D:15)
  4 manticores
  3 oklob plants (Swamp:4)
  7 will-o-the-wisps
  4 orc sorcerers
  5 cyclopes
  2 cyclopes (shapeshifter)
  2 black mambas (shapeshifter)
  3 centaur zombies (D:15)
  15 salamanders
  4 elephants (Lair:4)
  A torpor snail (Lair:5)
  A guardian serpent (Snake:2)
  21 vault sentinels
  17 naga magi
  7 spectral spriggans (Swamp:2)
  2 ice statues (Snake:2)
  2 orange demons (Depths:2)
  4 smoke demons
  34 black mambas
  13 cane toads
  A kobold demonologist (D:11)
  3 rime drakes
  6 tengu conjurers
  14 komodo dragons
  48 yaktaurs
  A rime drake (shapeshifter) (Depths:4)
  An efreet (D:13)
  10 freezing wraiths
  2 golden dragon simulacra (IceCv)
  An anaconda simulacrum (IceCv)
  5 hydra zombies
  An ancient zyme (Lair:5)
  A harpy zombie (D:15)
  2 wind drakes (shapeshifter)
  8 trolls
  5 tyrant leeches
  2 polar bears
  3 bloated husks
  18 hornets
  23 slime creatures
  2 hydra skeletons (Swamp:4)
  19 blink frogs
  2 death drake zombies (Swamp:4)
  3 shadows
  14 spriggans
  A centaur simulacrum (D:15)
  2 large abominations (Lair:5)
  9 small abominations (Lair:5)
  5 air elementals
  6 water elementals
  52 yaks
  5 hogs (Elf:1)
  2 vampires (D:15)
  3 ynoxinuls (Lair:5)
  4 fire elementals
  4 wyverns
  A hog (shapeshifter) (Vaults:3)
  7 basilisks
  8 wraiths
  2 chaos spawn (Depths:2)
  2 neqoxecs (Depths:2)
  2 redbacks (shapeshifter)
  A redback (Vaults:2)
  7 vampire mosquitoes
  9 wargs
  Menkaure (D:7)
  A warg (shapeshifter) (Lair:5)
  4 hydra simulacra
  A harpy simulacrum (IceCv)
  12 swamp worms
  11 water moccasins
  35 nagas
  2 acid dragons (D:11)
  A floating eye (shapeshifter) (Vaults:3)
  A floating eye (Depths:3)
  A hornet zombie (D:15)
  41 orc warriors
  5 swamp drakes (Swamp:4)
  4 ettin simulacra (IceCv)
  5 ice beasts
  2 alligator simulacra (IceCv)
  A swamp dragon zombie (Swamp:4)
  9 ogres
  26 wolves
  2 swamp dragon skeletons (Swamp:4)
  5 centaurs
  13 bullfrogs
  2 kobold brigands
  2 earth elementals (Elf:3)
  8 gnoll sergeants
  3 scorpions
  A necrophage (D:7)
  7 killer bees
  A crimson imp (D:7)
  5 howler monkeys
  5 jellies
  5 gnoll boudas
  5 hounds
  22 orc priests
  4 iguanas
  Natasha (thrice) (D:4)
  32 orc wizards
  50 gnolls
  9 adders
  2 shadow imps
  3 white imps
  2 ufetubi
  5 worms
  2 dart slugs
  72 orcs
  4 bats
  6 endoplasms
  3 giant cockroaches
  8 goblins
  6 hobgoblins
  10 jackals
  13 kobolds
  3 quokkas
  3 training dummies (Snake:4)
  5 ball pythons
  17 frilled lizards
  4 rats
  7 briar patches (Swamp:4)
  A fulminant prism (Swamp:2)
1883 creatures vanquished.

Vanquished Creatures (collateral kills)
  28 ball lightnings
28 creatures vanquished.

Vanquished Creatures (others)
  2 bloated husks
  A human (Elf:1)
  674 ball lightnings
  16 foxfires
  476 fulminant prisms
  64 fungi
  79 plants
  2 withered plants (D:15)
1314 creatures vanquished.

Grand Total: 3225 creatures vanquished

Notes
Turn   | Place    | Note
-------+----------+-------------------------------------------
     0 | D:1      | KamiKatze the Deep Elf Conjurer began the quest for the
                  | Orb.
     0 | D:1      | Reached XP level 1. HP: 10/10 MP: 6/6
   328 | D:1      | Reached XP level 2. HP: 15/15 MP: 6/8
   331 | D:1      | Learned a level 2 spell: Searing Ray
   362 | D:1      | Reached skill level 1 in Hexes
   582 | D:1      | Reached skill level 1 in Translocations
   646 | D:1      | Reached XP level 3. HP: 19/19 MP: 5/9
   827 | D:2      | Found Afeamih's Book Shoppe.
  1422 | D:2      | Reached XP level 4. HP: 24/24 MP: 5/11
  1427 | D:2      | Learned a level 4 spell: Fulminant Prism
  1760 | D:2      | Reached skill level 4 in Spellcasting
  1865 | D:2      | Reached skill level 5 in Conjurations
  2092 | D:3      | Learned a level 4 spell: Iskenderun's Mystic Blast
  2114 | D:3      | Reached XP level 5. HP: 26/28 MP: 10/13
  2515 | D:3      | Found a faded altar of an unknown god.
  2793 | D:4      | Noticed Natasha
  2795 | D:4      | Killed Natasha
  2959 | D:4      | Noticed Natasha
  2963 | D:4      | Killed Natasha
  3029 | D:4      | Reached XP level 6. HP: 19/32 MP: 9/15
  3032 | D:4      | Reached skill level 5 in Spellcasting
  3032 | D:4      | Noticed Natasha
  3298 | D:4      | Killed Natasha
  3444 | D:4      | Reached XP level 7. HP: 33/36 MP: 11/17
  4262 | D:5      | Entered Level 5 of the Dungeon
  4335 | D:5      | Reached skill level 6 in Spellcasting
  4398 | D:5      | Reached skill level 5 in Hexes
  4781 | D:5      | Reached XP level 8. HP: 41/41 MP: 10/20
  5235 | D:6      | Reached skill level 7 in Spellcasting
  5235 | D:6      | Reached skill level 5 in Translocations
  5579 | D:6      | Found a sparkling altar of Nemelex Xobeh.
  5648 | D:7      | Found a staircase to the Ecumenical Temple.
  5654 | Temple   | Entered the Ecumenical Temple
  5654 | Temple   | Found a transporter.
  5654 | Temple   | Found a transporter.
  5656 | Temple   | Found a transporter.
  5656 | Temple   | Found a transporter.
  5698 | D:7      | Identified the +3 ring mail of Shielding {rC- Regen+ Str+9
                  | Stlth+}
  5745 | D:7      | Noticed Menkaure
  5749 | D:7      | Killed Menkaure
  5750 | D:7      | Reached skill level 8 in Spellcasting
  5860 | D:7      | Reached XP level 9. HP: 45/45 MP: 21/23
  6165 | D:7      | Found a burning altar of Makhleb.
  6165 | D:7      | Found a radiant altar of Vehumet.
  6168 | D:7      | Reached skill level 1 in Shields
  6212 | D:7      | Became a worshipper of Vehumet
  6552 | D:7      | Noticed a manticore
  6558 | D:7      | Killed a manticore
  6559 | D:7      | Reached skill level 1 in Fighting
  6574 | D:7      | Identified the +6 battleaxe "Trog's Righteous Anger"
                  | {vorpal, Fragile rF+ Str+2 Dex+3}
  6579 | D:7      | Reached * piety under Vehumet
  6579 | D:7      | Offered knowledge of Sandblast by Vehumet.
  6589 | D:7      | Reached skill level 9 in Spellcasting
  6592 | D:7      | Noticed a green ugly thing
  6607 | D:7      | Killed a green ugly thing
  6608 | D:7      | Reached XP level 10. HP: 52/52 MP: 3/25
  6924 | D:7      | Learned a level 6 spell: Iron Shot
  7120 | D:8      | Found a runed translucent gate.
  7121 | D:8      | Found a runed translucent gate.
  7122 | D:8      | Found a runed translucent gate.
  7124 | D:8      | Found an opulent altar of Gozag.
  7124 | D:8      | Noticed drbonez's ghost (novice HOFi)
  7124 | D:8      | Noticed a rakshasa
  7126 | D:8      | Noticed a fire crab
  7134 | D:8      | Noticed a boulder beetle
  7251 | D:8      | Noticed a death drake
  7269 | D:8      | Found the +4 skin of Zhor {*Englaciate rC+++ SInv}
  7276 | D:8      | Reached skill level 1 in Earth Magic
  8297 | D:9      | Found a staircase to the Orcish Mines.
  8435 | D:10     | Entered Level 10 of the Dungeon
  8498 | D:10     | Offered knowledge of Shock by Vehumet.
  8504 | D:10     | Reached ** piety under Vehumet
  8560 | D:10     | Reached skill level 5 in Stealth
  8560 | D:10     | Reached skill level 10 in Spellcasting
  8582 | D:10     | Found Xitwyump's Magic Scroll Shoppe.
  8647 | D:10     | Offered knowledge of Scorch by Vehumet.
  8651 | D:10     | Reached skill level 5 in Dodging
  8651 | D:10     | Reached XP level 11. HP: 58/58 MP: 22/27
  8702 | D:10     | Found Wophidae's Book Shoppe.
  8731 | D:10     | Reached *** piety under Vehumet
  8856 | D:10     | Found Giren's General Store.
  9020 | D:10     | Found a broken altar of Ashenzari.
  9022 | D:10     | Found a bloodstained altar of Trog.
  9022 | D:10     | Found an ornate altar of the Wu Jian Council.
  9022 | D:10     | Found a hide-covered altar of Uskayaw.
  9028 | D:10     | Found a shadowy altar of Dithmenos.
  9028 | D:10     | Found a shimmering altar of Xom.
  9076 | D:10     | Found a runed translucent gate.
  9076 | D:10     | Found a runed translucent gate.
  9076 | D:10     | Noticed kelmiir's ghost (journeyman DrEE)
  9077 | D:10     | Noticed a great orb of eyes
  9077 | D:10     | Found a runed translucent gate.
  9079 | D:10     | Found a viscous altar of Jiyva.
  9115 | D:10     | Offered knowledge of Airstrike by Vehumet.
  9377 | D:11     | Noticed a centaur warrior
  9381 | D:11     | Found a staircase to the Lair.
  9481 | D:11     | Noticed a skeletal warrior
  9490 | Lair:1   | Entered Level 1 of the Lair of Beasts
  9666 | Lair:1   | Noticed a catoblepas
  9676 | Lair:1   | Killed a catoblepas
  9745 | Lair:1   | Reached skill level 11 in Spellcasting
  9861 | Lair:1   | Reached skill level 10 in Conjurations
  9913 | Lair:1   | Reached skill level 5 in Earth Magic
 10097 | Lair:1   | Reached **** piety under Vehumet
 10124 | Lair:1   | Noticed a four-headed hydra
 10136 | Lair:1   | Killed a four-headed hydra
 10245 | Lair:1   | Identified the +9 trident of Plog {flame, rElec rPois rF-
                  | rC+}
 10247 | Lair:1   | Noticed Poofo's ghost (journeyman MfGl)
 10248 | Lair:1   | Found a runed translucent door.
 10392 | Lair:2   | Learned a level 7 spell: Orb of Destruction
 10414 | Lair:2   | Reached skill level 10 in Hexes
 10423 | Lair:2   | Reached XP level 12. HP: 64/64 MP: 23/29
 10431 | Lair:2   | Offered knowledge of Olgreb's Toxic Radiance by Vehumet.
 10575 | Lair:2   | Reached skill level 12 in Spellcasting
 10575 | Lair:2   | Reached skill level 1 in Air Magic
 10923 | Lair:2   | Found a staircase to the Snake Pit.
 11597 | Lair:3   | Noticed a five-headed hydra
 11610 | Lair:3   | Killed a five-headed hydra
 11681 | Lair:3   | Noticed a catoblepas
 11971 | Lair:3   | Killed a catoblepas
 12069 | Lair:3   | Noticed a death yak
 12071 | Lair:3   | Noticed a death yak
 12073 | Lair:3   | Noticed a death yak
 12074 | Lair:3   | Noticed a death yak
 12075 | Lair:3   | Killed a death yak
 12081 | Lair:3   | Killed a death yak
 12084 | Lair:3   | Killed a death yak
 12085 | Lair:3   | Killed a death yak
 12085 | Lair:3   | Reached ***** piety under Vehumet
 12086 | Lair:3   | Reached skill level 13 in Spellcasting
 12088 | Lair:3   | Offered knowledge of Flame Wave by Vehumet.
 12194 | Lair:3   | Found a staircase to the Swamp.
 12479 | Lair:4   | Found the +18 shield of the Gong {rElec rN+ Will+ EV-5}
 12492 | Lair:4   | Noticed Sonja
 12496 | Lair:4   | Killed Sonja
 12603 | Lair:4   | Reached XP level 13. HP: 72/72 MP: 32/32
 12651 | Lair:4   | Learned a level 5 spell: Lee's Rapid Deconstruction
 13674 | Lair:5   | Entered Level 5 of the Lair of Beasts
 13714 | Lair:5   | Reached skill level 14 in Spellcasting
 13715 | Lair:5   | Reached skill level 5 in Fighting
 14107 | Lair:5   | Offered knowledge of Yara's Violent Unravelling by Vehumet.
 14181 | Lair:5   | Found a viscous altar of Jiyva.
 14181 | Lair:5   | Found a staircase to the Slime Pits.
 14430 | Lair:5   | Reached XP level 14. HP: 54/78 MP: 30/34
 14503 | Lair:5   | Reached skill level 10 in Translocations
 15013 | Lair:5   | Reached skill level 5 in Air Magic
 15013 | Lair:5   | Reached skill level 10 in Earth Magic
 15214 | Lair:5   | Reached skill level 15 in Spellcasting
 15389 | Lair:5   | Identified the +5 hand axe "Arast" {protect, *Noise rF-
                  | Will+++ rCorr}
 15481 | Lair:5   | Found a corrupted altar of Lugonu.
 15481 | Lair:5   | Found a one-way gate to the infinite horrors of the Abyss.
 16049 | D:11     | Found Xetinev's Assorted Antiques.
 16457 | Orc:1    | Entered Level 1 of the Orcish Mines
 16646 | Orc:2    | Entered Level 2 of the Orcish Mines
 16646 | Orc:2    | Noticed an orc warlord
 16648 | Orc:2    | Offered knowledge of Starburst by Vehumet.
 16657 | Orc:2    | Killed an orc warlord
 16769 | Orc:2    | Found a staircase to the Elven Halls.
 17892 | Orc:2    | Noticed an orc warlord
 17903 | Orc:2    | Killed an orc warlord
 17968 | Orc:2    | Noticed an orc warlord
 17975 | Orc:2    | Killed an orc warlord
 17976 | Orc:2    | Reached skill level 16 in Spellcasting
 18070 | Orc:2    | Offered knowledge of Conjure Ball Lightning by Vehumet.
 18079 | Orc:2    | Learned a level 6 spell: Conjure Ball Lightning
 18102 | Orc:2    | Found Afydghen's Antique Armour Shoppe.
 18108 | Orc:2    | Found Qiewn's Jewellery Shoppe.
 18201 | Orc:2    | Found Oxze's Antique Weapon Shoppe.
 18375 | Orc:2    | Found Xyqiuleu's General Store.
 18397 | Orc:2    | Bought an embroidered cloak for 240 gold pieces
 18416 | Orc:2    | Bought a pair of glowing gloves for 240 gold pieces
 18634 | D:12     | Identified the +1 glaive "Ejaemut" {vorpal, rC+ rN+}
 19036 | D:13     | Found Kinag's Book Shop.
 19051 | D:13     | Bought a book of Annihilations for 600 gold pieces
 19372 | D:13     | Reached XP level 15. HP: 57/84 MP: 26/37
 19503 | D:13     | Found a gate to the Vaults.
 20804 | D:15     | Entered Level 15 of the Dungeon
 21328 | D:15     | Reached skill level 17 in Spellcasting
 21373 | D:15     | Found a staircase to the Depths.
 21624 | D:15     | Reached skill level 15 in Conjurations
 21657 | D:15     | Identified a scroll of acquirement
 22430 | D:8      | Killed drbonez's ghost
 22552 | D:10     | Reached ****** piety under Vehumet
 22552 | D:10     | Offered knowledge of Ozocubu's Refrigeration by Vehumet.
 22555 | D:10     | Killed kelmiir's ghost
 22677 | Lair:1   | Killed Poofo's ghost
 22819 | Lair:1   | Acquired 497 gold pieces
 23161 | Swamp:1  | Entered Level 1 of the Swamp
 23349 | Swamp:1  | Noticed Josephine
 23353 | Swamp:1  | Killed Josephine
 23359 | Swamp:1  | Reached XP level 16. HP: 85/92 MP: 16/39
 23445 | Swamp:1  | Noticed Roxanne
 23456 | Swamp:1  | Killed Roxanne
 24286 | Swamp:1  | Got the Catalogue of Reanimation Made Easy
 24735 | Swamp:2  | Reached skill level 18 in Spellcasting
 25297 | Swamp:2  | Offered knowledge of Fireball by Vehumet.
 25342 | Swamp:2  | Learned a level 5 spell: Fireball
 25550 | Swamp:2  | Found an ornate altar of the Wu Jian Council.
 26015 | Swamp:2  | Reached skill level 1 in Fire Magic
 26453 | Swamp:3  | Reached skill level 10 in Air Magic
 26578 | Swamp:3  | Noticed Jorgrun
 26581 | Swamp:3  | Killed Jorgrun
 27251 | Swamp:4  | Entered Level 4 of the Swamp
 27273 | Swamp:4  | Paralysed by a fenstrider witch for 3 turns
 27278 | Swamp:4  | Reached XP level 17. HP: 66/97 MP: 33/41
 27288 | Swamp:4  | Reached skill level 19 in Spellcasting
 27590 | Swamp:4  | Noticed Louise
 27603 | Swamp:4  | Killed Louise
 28302 | Swamp:4  | Offered knowledge of Lehudib's Crystal Spear by Vehumet.
 28316 | Swamp:4  | Learned a level 8 spell: Lehudib's Crystal Spear
 28980 | Swamp:4  | Identified the ring "Seisk" {Fly rElec Str-4 Int+4 Stlth+}
 29033 | Swamp:4  | Reached skill level 15 in Earth Magic
 29333 | Swamp:4  | Found a blossoming altar of Fedhas.
 29465 | Swamp:4  | Found a basalt altar of Yredelemnul.
 29479 | Swamp:4  | Got a decaying rune of Zot
 29778 | Snake:1  | Entered Level 1 of the Snake Pit
 30313 | Snake:1  | Identified the +0 scale mail "Ahaeveas" {+Inv Str+4 Int+2
                  | Dex-5}
 30318 | Snake:1  | Reached skill level 20 in Spellcasting
 30520 | Snake:1  | Offered knowledge of Polar Vortex by Vehumet.
 30520 | Snake:1  | Offered knowledge of Ignition by Vehumet.
 31167 | Snake:2  | Found a broken altar of Ashenzari.
 31234 | Snake:2  | Found a frozen archway.
 31276 | IceCv    | Entered an ice cave
 31473 | IceCv    | Reached XP level 18. HP: 60/102 MP: 31/44
 31660 | IceCv    | Got Sif Muna's Essays on Graupel
 32652 | Snake:2  | Found Dimelero's Armour Shop.
 33968 | Snake:3  | Reached skill level 21 in Spellcasting
 34185 | Snake:4  | Entered Level 4 of the Snake Pit
 35753 | Snake:4  | Found Puladant's Firing Range.
 35947 | Snake:4  | Got a serpentine rune of Zot
 36431 | Vaults:1 | Entered Level 1 of the Vaults
 37226 | Vaults:1 | Reached XP level 19. HP: 59/107 MP: 24/46
 37622 | Vaults:1 | Found Itas's Antique Armour Emporium.
 37622 | Vaults:1 | You fall into a shaft and drop 1 floor!
 37805 | Vaults:2 | Reached skill level 22 in Spellcasting
 37967 | Vaults:1 | Found a portal to a secret trove of treasure.
 39688 | Vaults:2 | Noticed Aizul
 39693 | Vaults:2 | Killed Aizul
 40039 | Vaults:2 | Found a staircase to the Crypt.
 40197 | Vaults:2 | Found Peut's General Store.
 42796 | Vaults:3 | Reached skill level 15 in Air Magic
 42928 | Vaults:3 | Reached skill level 23 in Spellcasting
 43225 | Vaults:3 | Identified the +10 battleaxe "Alausaluem" {elec, rF- rN++
                  | Int+3 SInv}
 43542 | Vaults:4 | Acquired 728 gold pieces
 43631 | Vaults:4 | Reached XP level 20. HP: 85/113 MP: 42/49
 43642 | Vaults:4 | HP: 4/113 [war gargoyle/spray of metal splinters[a
                  | peacekeeper] (34)]
 45095 | Vaults:4 | Noticed a golden dragon
 45099 | Vaults:4 | Killed a golden dragon
 46726 | Vaults:4 | Reached skill level 24 in Spellcasting
 46928 | Vaults:4 | Learned a level 8 spell: Maxwell's Capacitive Coupling
 47052 | D:13     | Learned a level 9 spell: Shatter
 47189 | Elf:1    | Entered Level 1 of the Elven Halls
 47364 | Elf:1    | Identified the +5 trident "Itzakozy" {protect, rN+}
 47473 | Elf:1    | Noticed Kirke
 47481 | Elf:1    | Killed Kirke
 47713 | Elf:1    | Got Ycweit's Textbook on Beckoning
 48508 | Elf:1    | Got the Verses on Assistive Blasting
 48586 | Elf:1    | Found Rabiz's Distillery.
 49106 | Elf:2    | Reached XP level 21. HP: 116/120 MP: 39/51
 49365 | Elf:2    | Found Cisivih's Distillery.
 49442 | Elf:2    | Found Samyts's Antique Armour Boutique.
 49442 | Elf:2    | Noticed Donald
 49443 | Elf:2    | Found Biwnobey's Book Shoppe.
 49443 | Elf:2    | Found Dekaf's Weapon Shoppe.
 49451 | Elf:2    | Killed Donald
 50011 | Elf:2    | Bought a bloodstained robe for 176 gold pieces
 50011 | Elf:2    | Identified the +1 robe of the Gravedigger {rC+ Will- Int+9
                  | SInv} (You bought it in a shop on level 2 of the Elven
                  | Halls)
 50018 | Elf:2    | Bought a pair of runed gloves for 232 gold pieces
 50185 | Elf:2    | Found a runed translucent gate.
 50186 | Elf:2    | Found a runed translucent gate.
 50186 | Elf:2    | Found a runed translucent gate.
 50313 | Elf:2    | Noticed Agnes
 50330 | Elf:2    | Killed Agnes
 50959 | Elf:3    | Entered Level 3 of the Elven Halls
 52916 | Elf:3    | Identified the +1 plate armour of Acla Byg {Slay+5}
 53012 | Elf:3    | Identified the +4 rapier of Diet Blood {freeze, rC+}
 53054 | Elf:3    | Identified the ring "Qiso" {rPois rF+ Str+2 Slay+3}
 53174 | Elf:3    | Identified the +8 great mace of Taxation {vorpal, Int+3}
 53174 | Elf:3    | Identified the +3 leather armour of Broken Taboos {rF-
                  | Int+4 Dex+6}
 53407 | Elf:3    | Identified the +1 cloak of the Threshing Gods {rCorr Int+2}
 53470 | Elf:3    | Got the Disquisition on Summoned Unholy Deeds
 53472 | Elf:3    | Got the Reference Book on Frigorific Toxicity
 53487 | Elf:3    | Identified the +2 shortbow "Hugicife" {freeze, rElec rF+
                  | Will+ Int+4}
 53664 | Orc:2    | Acquired 996 gold pieces
 53670 | Orc:2    | Reached XP level 22. HP: 125/125 MP: 52/52
 53895 | Depths:1 | Entered Level 1 of the Depths
 54398 | Depths:1 | Found a shadowy altar of Dithmenos.
 54548 | Depths:1 | Identified the +2 chain mail of Cinniafazeh {+Inv rN+
                  | Dex-5}
 54964 | Depths:1 | Found a gateway to Hell.
 54969 | Depths:1 | Identified the +4 longbow of the Wasteland {flame, +Blink
                  | rPois rN+ Dex-4}
 55186 | Depths:2 | Found Wafiric's Jewellery Shop.
 55477 | Depths:2 | Reached skill level 25 in Spellcasting
 55799 | Depths:2 | Reached XP level 23. HP: 129/129 MP: 49/54
 56139 | Depths:2 | Gained mutation: You are weak. (Str -2) [a neqoxec]
 56141 | Depths:2 | Gained mutation: Your body sometimes deteriorates upon
                  | taking damage. [a neqoxec]
 56329 | Depths:2 | Found a one-way gate leading to the halls of Pandemonium.
 56645 | Depths:2 | Noticed a caustic shrike
 56675 | Depths:2 | Killed a caustic shrike
 57277 | Depths:2 | Identified the +6 scale mail of Ashenzari, Screaming {+Inv
                  | rN+}
 57342 | Depths:2 | Identified the ring "Zic Ekh" {+Blink rC+}
 57693 | Depths:2 | Got Ysmoxel's Catalogue of the Discontinuous Tempest
 58454 | Depths:3 | Noticed a dread lich
 58813 | Depths:3 | Killed a dread lich
 58817 | Depths:3 | Reached skill level 26 in Spellcasting
 59100 | Depths:3 | Noticed Jory
 59301 | Depths:3 | Killed Jory
 59361 | Depths:3 | Learned a level 9 spell: Chain Lightning
 60529 | Depths:4 | Entered Level 4 of the Depths
 60657 | Depths:4 | Found a one-way gateway to a ziggurat.
 61410 | Depths:4 | Found Kihil's Pet Rocks.
 61680 | Depths:4 | Found a sacrificial altar of Ru.
 61786 | Depths:4 | Reached XP level 24. HP: 135/135 MP: 42/55
 61786 | Depths:4 | Found a gate to the Realm of Zot.
 62391 | Vaults:5 | Entered Level 5 of the Vaults
 62476 | Vaults:5 | Noticed a dread lich
 62478 | Vaults:5 | Killed a dread lich
 62495 | Vaults:5 | Paralysed by a floating eye for 4 turns
 62870 | Vaults:5 | Noticed a dread lich
 62873 | Vaults:5 | Killed a dread lich
 63504 | Vaults:1 | You paid a toll of +5 fire dragon scales to enter a
                  | treasure trove
 63505 | Trove    | Entered a treasure trove
 63556 | Trove    | Identified the amulet "Fucank" {Reflect rF+ rC++ Dex+2
                  | SH+5}
 63567 | Trove    | Identified the amulet "Xeihos" {Acrobat SInv Stlth+}
 63575 | Trove    | Identified the amulet "Noibec" {Acrobat -Cast rF- rC+++
                  | Dex+10}
 63600 | Trove    | Got Sif Muna's Guide on Displacement
 63887 | Vaults:5 | Identified the +9 demon blade "Nipik" {vamp, rCorr}
 63887 | Vaults:5 | Identified the ring "Foicw" {rPois rCorr Dex+3}
 64500 | Vaults:5 | Identified the +4 chain mail "Unkumak" {rPois rC+ Dex-2}
 65053 | Vaults:5 | Found the +8 storm bow {elec, penet}
 65221 | Vaults:5 | Got a silver rune of Zot
 65487 | Zot:1    | Entered Level 1 of the Realm of Zot
 65494 | Zot:1    | Killed by an exploding ball lightning

Illustrated notes

Levels and vault maps discovered:
D:1:      lightli_iron_boxes, layout_rooms, corexii_item_surrounded_by_moat
D:2:      layout_basic, serial_shops, nicolae_shop_hallway_stairs,
          minmay_door_square
D:3:      layout_rooms, basic_ecumenical_altar
D:4:      layout_basic, minmay_lizard_king, uniq_natasha
D:5:      layout_rooms
D:6:      layout_cave_pools, nemelex_dance_club_becter
D:7:      minmay_the_grid_octo_2x2 [minmay_the_grid_octo_vomiting_pacman,
          minmay_the_grid_octo_tetromino_candy, minmay_the_grid_octo_chip,
          minmay_the_grid_octo_prize_star], layout_gridville,
          grunt_temple_overflow_lords_of_destruction, uniq_menkaure
D:8:      layout_loops_ring, ebering_ghost_gozag, hellmonk_guarded_unrand_zhor
D:9:      layout_irregular_city, orc_0_dummy, lemuel_flamethrower_2
D:10:     layout_cave_pools, minmay_overflow_temple_hex, gammafunk_ghost_ooze,
          serial_shops, shop, serial_gnoll_camp, gnoll_camp_mini_hut,
          gnoll_camp_mini_shop, gnoll_camp_huts_basic, gnoll_camp_mini_shop,
          gnoll_camp_mini_hut, dk_noncrumbling_2
D:11:     layout_loops_cross, david_lair_generic, serial_shops,
          kennysheep_mini_moat, minmay_diced_spiral
D:12:     layout_basic
D:13:     layout_basic, david_vaults_1, serial_shops, shop_fountains
D:14:     layout_loops_ring, chequers_jeans, minmay_mirror_moons_of_madness
D:15:     grunt_enter_depths_giant_problem, layout_basic,
          minmay_misc_feat_pillars, serial_undead, serial_undead_d,
          serial_undead_c, serial_undead_f, serial_undead_e, serial_undead_c,
          serial_undead_c, amcnicky_mini_rare_corridor_liquid
Temple:   hellmonk_temple_divided_pantheon
Lair:1:   layout_roguey, ebering_ghost_funeral_grove
Lair:2:   layout_layer_cave, dummy_snake_entry, serial_bayou_shore_b
Lair:3:   layout_concentric_octagons, minmay_swamp_entry_worms
Lair:4:   layout_layer_cave, minivault_27, uniq_sonja
Lair:5:   hellmonk_lair_end_abyssal_woods, layout_long_grid,
          dpeg_slime_entry_enclosed, serial_rivers,
          chequers_serial_rivers_micro_b, chequers_serial_rivers_micro_d,
          chequers_serial_rivers_micro_c, chequers_serial_rivers_room_a,
          chequers_serial_rivers_small_a, grunt_megastairs_3
Swamp:1:  layout_basic_swamp, evilmike_swamp_ruin_house_1, swamp_pool1,
          nicolae_swamp_necromancy_gone_wrong, uniq_roxanne, uniq_josephine
Swamp:2:  nicolae_swamp_flooded_prison, layout_basic_swamp,
          lemuel_altar_in_water
Swamp:3:  layout_falls_marsh, evilmike_swamp_ruin_rubble_1, uniq_jorgrun
Swamp:4:  byrel_swamp_growth_death_and_undeath, layout_basic_swamp, swamp_pool1,
          infiniplex_staircase_pool, uniq_louise
Snake:1:  layout_misc_corridors
Snake:2:  layout_onion_interference, basic_altar, serial_shops, shop,
          portal_ice_cave_entry_ice_statue_two
Snake:3:  layout_gridlike
Snake:4:  snake_pit, layout_misc_corridors, nicolae_shop_firing_range
Orc:1:    layout_caves
Orc:2:    grunt_orc_cross, layout_diamond_mine, david_defended_altar_orc
Elf:1:    nicolae_elf_arrival_fired_up, layout_onion_city, serial_shops,
          nicolae_shop_hallway_plus, minmay_elf_demonology, minmay_elf_sorcery,
          uniq_kirke
Elf:2:    nicolae_elf_blades_crystal_corner, layout_geoelf_grid, serial_shops,
          shop, nicolae_wooded_promenade, uniq_agnes, uniq_donald
Elf:3:    minmay_elf_hall_quartered_circle, layout_geoelf_castle
Vaults:1: vaults_standard_mumra_enter_the_diamond,
          vaults_room_grunt_arrival_ludios, vaults_room_pool,
          vaults_mumra_chevron, vaults_room_fours,
          nicolae_vaults_diagonal_hallway_8, v_misc_22,
          hangedman_vaults_capsules, v_misc_33, vaults_room_pools,
          vaults_dpeg_diagonal, grunt_vaults_twisty, vaults_room_fancy_cross,
          v_alt_pattern_1, nicolae_vaults_shelves_hall, layout_vaults_omnicross,
          enter_trove_1, serial_shops, shop
Vaults:2: minmay_crypt_entry_simple_sparse, ontoclasm_vaults_decontamination,
          nicolae_vaults_little_squares_2, vaults_room_corners, v_misc_12,
          nicolae_vaults_little_ls, ontoclasm_vaults_ring_small,
          nicolae_vaults_little_squares_5, v_misc_15, layout_vaults_omnigrid,
          serial_shops, shop_statue, uniq_aizul
Vaults:3: vaults_room_ringed_pool, v_misc_17, v_rooms_4, hangedman_vaults_maws,
          hangedman_vaults_impose, st_greater_box_1, layout_vaults_chaotic_city
Vaults:4: nicolae_vaults_quadrants, dpeg_vaults_monster_row, v_misc_22,
          vaults_room_pools, v_rooms_1, nicolae_vaults_specimen_jars,
          hangedman_vaults_corner, nicolae_vaults_rhombus_7,
          nicolae_vaults_windows_and_doors_thing, vaults_dpeg_hooks,
          vaults_mumra_hex, v_misc_16, layout_vaults_omnibox
Vaults:5
Depths:1: layout_roguey, hangedman_abyss_entry_splay, lightli_too_deep,
          chequers_serial_rivers_marsh, hangedman_abyss_or_decor_clamps,
          corexii_hall_statues_t, chequers_serial_rivers_small_3,
          grunt_dithmenos_smoke_and_mirrors
Depths:2: hangedman_six_sided_sadism, layout_twisted_cross,
          grunt_pan_entry_in_and_out, serial_shops, nicolae_stop_n_shop_2,
          hell_entry
Depths:3: hellmonk_paralyzer, layout_basic, hangedman_abyss_or_decor_stabs,
          grunt_hell_entry_dis_grunt, abyss_entry, uniq_jory
Depths:4: evilmike_zot_entry_diamond, layout_gridlike, enter_ziggurat_d,
          hangedman_ru_absence, hell_entry, abyss_entry, guppyfry_shop_earth
Zot:1:    gammafunk_sealed_arena, layout_cathedral_of_symmetry,
          hangedman_snake_sidewinding

Skill      XL: |  1  2  3  4  5  6  7  8  9 10 11 12 13 14 15 16 17 18 19 20 21 22 23 24 |
---------------+-------------------------------------------------------------------------+-----
Hexes          | 1 2 3 4 5 7 8 9 10 | 10.0
Translocations | 1 2 3 4 6 7 8 9 10 | 10.0
Dodging        | 3 5 6 |  6.0
Stealth        | 3 4 5 6 8 9 |  9.0
Spellcasting   | 4 5 6 8 9 10 11 13 14 16 17 18 20 21 23 24 25 26 | 26.1
Conjurations   | 5 6 7 8 9 10 11 12 14 15 16 17 18 20 | 20.2
Shields        | 4 |  4.0
Fighting       | 1 2 3 4 5 6 7 8 9 |  9.0
Earth Magic    | 3 5 7 9 11 12 14 15 17 18 20 22 | 22.3
Air Magic      | 3 4 6 8 10 12 13 15 16 17 18 21 22 | 22.8
Fire Magic     | 2 3 |  3.0

Action                   |  1- 3 |  4- 6 |  7- 9 | 10-12 | 13-15 | 16-18 | 19-21 | 22-24 || total
-------------------------+-------+-------+-------+-------+-------+-------+-------+-------++-------
Melee: Staff             |     1 |     7 |     3 |       |       |       |       |     1 ||    12
       Trident           |       |       |       |       |       |     4 |     1 |       ||     5
 Cast: Magic Dart        |    68 |    48 |    51 |    14 |     3 |       |       |       ||   184
       Searing Ray       |     3 |    22 |    31 |     6 |     2 |       |       |       ||    64
       Fulminant Prism   |       |       |    36 |   144 |   146 |    37 |    75 |    39 ||   477
       Iskenderun's Myst |       |       |     5 |    70 |    69 |    98 |    90 |    47 ||   379
       Orb of Destructio |       |       |       |     2 |    92 |    80 |    72 |    72 ||   318
       Iron Shot         |       |       |       |       |    84 |   167 |    87 |   112 ||   450
       Lee's Rapid Decon |       |       |       |       |    39 |    92 |   145 |    56 ||   332
       Conjure Ball Ligh |       |       |       |       |     4 |   130 |    93 |    49 ||   276
       Fireball          |       |       |       |       |       |    54 |    15 |    11 ||    80
       Lehudib's Crystal |       |       |       |       |       |     1 |    50 |    45 ||    96
       Maxwell's Capacit |       |       |       |       |       |       |     2 |     2 ||     4
       Shatter           |       |       |       |       |       |       |       |    62 ||    62
       Chain Lightning   |       |       |       |       |       |       |       |    22 ||    22
Evoke: Wand              |       |       |       |       |       |     1 |       |       ||     1
  Use: Scroll            |       |     6 |    13 |     9 |     5 |     2 |     7 |     8 ||    50
       Potion            |       |     2 |       |       |     1 |     2 |     5 |     2 ||    12
 Stab: Sleeping          |     1 |     1 |       |       |       |       |       |       ||     2
Armor: Robe              |     3 |     7 |     5 |       |       |       |       |       ||    15
       Animal skin       |       |       |       |     6 |    11 |    20 |    28 |    27 ||    92
Dodge: Dodged            |     9 |    52 |    35 |    15 |    19 |    44 |    47 |    47 ||   268
Block: Buckler           |       |       |       |     8 |    16 |    19 |    23 |    16 ||    82
